BLB
NEW ORLEANS VOODOO @ WILMINGTON WILDCATS
03/01/2060
 
TOP OF THE 1ST
New Orleans Voodoo batting - Pitching for Wilmington Wildcats : RHP Zack Fleming
Pitching: RHP Zack Fleming
Batting: LHB Johnathan Weeks 0-0: Ball
1-0: Called Strike
1-1: Ball
2-1: Foul Ball, location: 2F
2-2: Foul Ball, location: 2F
2-2: Strikes out swinging
Batting: LHB Darrell Petty 0-0: Ball
1-0: Ball
2-0: Ball
3-0: Called Strike
3-1: Foul Ball, location: 2F
3-2: Foul Ball, location: 2F
3-2: Ground out 5-3 (Groundball, 5L, EV 93.8 MPH)
Batting: RHB Jefferson Turner 0-0: Ball
1-0: Ball
2-0: Ball
3-0: Called Strike
3-1: Base on Balls
Batting: RHB Nathan Stiso 0-0: Ball
1-0: Swinging Strike
1-1: Foul Ball, location: 2F
1-2: Strikes out swinging
Top of the 1st over - 0 runs, 0 hits, 0 errors, 1 left on base; New Orleans 0 - Wilmington 0
BOTTOM OF THE 1ST
Wilmington Wildcats batting - Pitching for New Orleans Voodoo : LHP Payton Durst
Pitching: LHP Payton Durst
Batting: RHB Shawn Gunn 0-0: Ball
1-0: Foul Ball, location: 2F
1-1: Called Strike
1-2: SOLO HOME RUN (Flyball, 7D, EV 100.0 MPH), Distance : 389 ft
Batting: RHB Brad Rahl 0-0: Ball
1-0: Fly out, F7 (Flyball, 78S, EV 71.2 MPH)
Batting: SHB Danny Whitlock 0-0: Called Strike
0-1: SINGLE (Groundball, 56D, EV 103.1 MPH)
Batting: RHB Zachariah White 0-0: Called Strike
0-1: Ball
1-1: Ball
2-1: Called Strike
2-2: Strikes out swinging
Batting: RHB Isiah Mahoney 0-0: TRIPLE (Flyball, 78XD, EV 109.4 MPH)
Danny Whitlock scores
Batting: SHB James Little 0-0: Ball
1-0: Fly out, F8 (Line Drive, 8RD, EV 103.1 MPH)
Bottom of the 1st over - 2 runs, 3 hits, 0 errors, 1 left on base; New Orleans 0 - Wilmington 2
TOP OF THE 2ND
New Orleans Voodoo batting - Pitching for Wilmington Wildcats : RHP Zack Fleming
Batting: RHB Lucas Anderson 0-0: Foul Ball, location: 2F
0-1: Swinging Strike
0-2: SINGLE (Flyball, 3D, EV 93.8 MPH) - OUT at second base trying to stretch hit.
Batting: RHB Jeremie Holzschuh 0-0: Called Strike
0-1: Ball
1-1: Ball
2-1: Called Strike
2-2: Ball
3-2: Ground out 5-3 (Groundball, 56S, EV 78.1 MPH)
Batting: RHB Darrin Cramer 0-0: Foul Ball, location: 2F
0-1: Ball
1-1: Called Strike
1-2: Ball
2-2: Strikes out swinging
Top of the 2nd over - 0 runs, 1 hit, 0 errors, 0 left on base; New Orleans 0 - Wilmington 2
BOTTOM OF THE 2ND
Wilmington Wildcats batting - Pitching for New Orleans Voodoo : LHP Payton Durst
Batting: RHB Richard Crutchfield 0-0: Called Strike
0-1: Ball
1-1: Ball
2-1: Called Strike
2-2: Ball
3-2: Base on Balls
Batting: LHB Brian Vanderzee 0-0: Called Strike
0-1: Ball
1-1: Called Strike
1-2: SINGLE (Flyball, 89S, EV 93.8 MPH)
Richard Crutchfield to second
Batting: RHB Lucas Shultz 0-0: Ball
1-0: Reached on error, E6 (Groundball, 6, EV 91.2 MPH)
Richard Crutchfield to third
Brian Vanderzee to second
Batting: RHB Shawn Gunn 0-0: Ball
1-0: Ball
2-0: DOUBLE (Line Drive, 8RXD, EV 105.6 MPH)
Richard Crutchfield scores
Brian Vanderzee scores
Lucas Shultz to third
Batting: RHB Brad Rahl 0-0: Ball
1-0: Ball
2-0: Called Strike
2-1: Ground out 6-3 (Groundball, 6MD, EV 103.8 MPH)
Lucas Shultz scores
Shawn Gunn to third
Batting: SHB Danny Whitlock 0-0: Foul Ball, location: 2F
0-1: Ball
1-1: SINGLE (Line Drive, 89S, EV 103.8 MPH)
Shawn Gunn scores
Pitching: LHP Kaleb Shannahan
Batting: RHB Zachariah White 0-0: Called Strike
0-1: Ball
1-1: Foul Ball, location: 2F
1-2: Ball
2-2: Strikes out looking
Batting: RHB Isiah Mahoney 0-0: DOUBLE (Line Drive, 78D, EV 108.1 MPH)
Danny Whitlock to third
Runner from 3rd tries for Home, SAFE, throw by CF to home
Batting: SHB James Little 0-0: Foul Ball, location: 2F
0-1: Foul Ball, location: 2F
0-2: Hit by Pitch
Batting: RHB Richard Crutchfield 0-0: Foul Ball, location: 2F
0-1: Ball
1-1: Ball
2-1: Foul Ball, location: 2F
2-2: Ball
3-2: Ground out 5-3 (Groundball, 56, EV 87.5 MPH)
Bottom of the 2nd over - 5 runs, 4 hits, 1 error, 2 left on base; New Orleans 0 - Wilmington 7
TOP OF THE 3RD
New Orleans Voodoo batting - Pitching for Wilmington Wildcats : RHP Zack Fleming
Batting: LHB Samuel Hamblin 0-0: Foul Ball, location: 2F
0-1: Ball
1-1: Ball
2-1: Foul Ball, location: 2F
2-2: Foul Ball, location: 2F
2-2: Strikes out swinging
Batting: RHB James Wilson 0-0: Ground out 5-3 (Groundball, 56S, EV 85.0 MPH)
Batting: LHB Johnathan Weeks 0-0: Ball
1-0: Foul Ball, location: 2F
1-1: Called Strike
1-2: Strikes out swinging
Top of the 3rd over - 0 runs, 0 hits, 0 errors, 0 left on base; New Orleans 0 - Wilmington 7
BOTTOM OF THE 3RD
Wilmington Wildcats batting - Pitching for New Orleans Voodoo : LHP Kaleb Shannahan
Pitching: RHP Charles Young
Batting: LHB Brian Vanderzee 0-0: Ball
1-0: Called Strike
1-1: Ball
2-1: Ground out 4-3 (Groundball, 4, EV 93.1 MPH)
Batting: RHB Lucas Shultz 0-0: Ball
1-0: Ground out 3-1 (Groundball, 13, EV 88.8 MPH)
Pinch Hitting: RHB Evan Yanko 0-0: Foul Ball, location: 2F
0-1: Called Strike
0-2: Ball
1-2: Ball
2-2: Strikes out looking
Bottom of the 3rd over - 0 runs, 0 hits, 0 errors, 0 left on base; New Orleans 0 - Wilmington 7
TOP OF THE 4TH
New Orleans Voodoo batting - Pitching for Wilmington Wildcats : RHP Zack Fleming
Now in LF: Zachariah White
Now in CF: Evan Yanko
Now in RF: Brian Vanderzee
Batting: LHB Darrell Petty 0-0: Ball
1-0: Ball
2-0: Fly out, F7 (Flyball, 78S, EV 89.4 MPH)
Batting: RHB Jefferson Turner 0-0: Ball
1-0: DOUBLE (Line Drive, 89XD, EV 103.1 MPH)
Batting: RHB Nathan Stiso 0-0: Ball
1-0: Ball
2-0: Ball
3-0: Base on Balls
Batting: RHB Lucas Anderson 0-0: Ball
1-0: Called Strike
1-1: Called Strike
1-2: Foul Ball, location: 2F
1-2: SINGLE (Line Drive, 34, EV 98.1 MPH)
Jefferson Turner to third
Nathan Stiso to second
Pitching: LHP Wayland Pond
Batting: RHB Jeremie Holzschuh 0-0: Called Strike
0-1: Called Strike
0-2: Ball
1-2: Foul Ball, location: 2F
1-2: Ball
2-2: Strikes out swinging
Batting: RHB Darrin Cramer 0-0: Swinging Strike
0-1: Foul Ball, location: 2F
0-2: Ball
1-2: Ball
2-2: Ground out 4-3 (Groundball, 4, EV 90.0 MPH)
Top of the 4th over - 0 runs, 2 hits, 0 errors, 3 left on base; New Orleans 0 - Wilmington 7
BOTTOM OF THE 4TH
Wilmington Wildcats batting - Pitching for New Orleans Voodoo : RHP Charles Young
Pitching: RHP Max Sivak
Pinch Hitting: LHB Dorsey Cahue 0-0: Ball
1-0: Swinging Strike
1-1: Ball
2-1: Ball
3-1: Swinging Strike
3-2: Base on Balls
Batting: SHB Danny Whitlock 0-0: Foul Ball, location: 2F
0-1: Called Strike
0-2: Grounds into double play, 4-6-3 (Groundball, 4, EV 96.9 MPH)
Pinch Hitting: RHB Thomas Anderson 0-0: Foul Ball, location: 2F
0-1: Ball
1-1: Called Strike
1-2: SINGLE (Line Drive, 34D, EV 94.4 MPH)
Pinch Hitting: RHB Julian Crews 0-0: Ball
1-0: Fly out, F8 (Flyball, 78M, EV 85.0 MPH)
Bottom of the 4th over - 0 runs, 1 hit, 0 errors, 1 left on base; New Orleans 0 - Wilmington 7
TOP OF THE 5TH
New Orleans Voodoo batting - Pitching for Wilmington Wildcats : LHP Wayland Pond
Pitching: RHP Cole Good
Now at C: Alden Lane
Now at 1B: Richard Crutchfield
Now at 3B: Dorsey Cahue
Now at SS: Julian Crews
Now in LF: Thomas Anderson
Batting: LHB Samuel Hamblin 0-0: Ball
1-0: Ball
2-0: Ball
3-0: Called Strike
3-1: Fly out, F8 (Flyball, 8RD, EV 94.4 MPH)
Batting: RHB James Wilson 0-0: Ground out 5-3 (Groundball, 5, EV 80.6 MPH)
Pinch Hitting: RHB D'Angelo James 0-0: Ball
1-0: Ball
2-0: Fly out, F7 (Line Drive, 78M, EV 90.6 MPH)
Top of the 5th over - 0 runs, 0 hits, 0 errors, 0 left on base; New Orleans 0 - Wilmington 7
BOTTOM OF THE 5TH
Wilmington Wildcats batting - Pitching for New Orleans Voodoo : RHP Max Sivak
Now at C: Khaleen Romero
Now at 1B: Jarquez Kafele
Now at SS: D'Angelo James
Now in CF: Lon Leseberg
Pinch Hitting: LHB Mort Simbolon 0-0: Ball
1-0: Ball
2-0: Foul Ball, location: 2F
2-1: Ground out 4-3 (Groundball, 4, EV 100.0 MPH)
Pinch Hitting: LHB Ozzie Huang 0-0: Called Strike
0-1: Ground out 1-3 (Groundball, P, EV 70.6 MPH)
Pinch Hitting: LHB Sean Gallina 0-0: Ground out 4-3 (Groundball, 4M, EV 106.9 MPH)
Bottom of the 5th over - 0 runs, 0 hits, 0 errors, 0 left on base; New Orleans 0 - Wilmington 7
TOP OF THE 6TH
New Orleans Voodoo batting - Pitching for Wilmington Wildcats : RHP Cole Good
Pitching: RHP Jayden Keels
Now at 1B: Ozzie Huang
Now at 2B: Mort Simbolon
Now in RF: Sean Gallina
Batting: RHB Lon Leseberg 0-0: Called Strike
0-1: Ball
1-1: Ball
2-1: Ball
3-1: Base on Balls
Pinch Hitting: RHB Huston Cruz 0-0: Foul Ball, location: 2F
0-1: Called Strike
0-2: Ball
1-2: Foul Ball, location: 2F
1-2: Ball
2-2: Foul Ball, location: 2F
2-2: Strikes out looking
Pinch Hitting: LHB Jordy Wovchanoff 0-0: Swinging Strike
0-1: Foul Ball, location: 2F
0-2: Foul Ball, location: 2F
0-2: Ball
1-2: Strikes out swinging
Pinch Hitting: RHB Dez Swanson 0-0: Ball
1-0: Ball
2-0: SINGLE (Line Drive, 7S, EV 103.8 MPH)
Lon Leseberg to second
Batting: RHB Khaleen Romero 0-0: Ball
1-0: Ball
2-0: Called Strike
2-1: Called Strike
2-2: Foul Ball, location: 2F
2-2: Ball
Wild Pitch!
Lon Leseberg to third
Dez Swanson to second
3-2: Fly out, F9 (Flyball, 89M, EV 82.5 MPH)
Top of the 6th over - 0 runs, 1 hit, 0 errors, 2 left on base; New Orleans 0 - Wilmington 7
BOTTOM OF THE 6TH
Wilmington Wildcats batting - Pitching for New Orleans Voodoo : RHP Max Sivak
Pitching: RHP Kevin Blackmon
Now at 1B: Dez Swanson
Now at 2B: Jarquez Kafele
Now at 3B: Rob French
Now in LF: Jordy Wovchanoff
Now in RF: Huston Cruz
Batting: RHB Alden Lane 0-0: Fly out, F7 (Flyball, 7LM, EV 91.9 MPH)
Batting: RHB Evan Yanko 0-0: Called Strike
0-1: Ball
1-1: SINGLE (Flyball, 8RS, EV 93.1 MPH)
Batting: LHB Dorsey Cahue 0-0: Ball
1-0: Fielders Choice at 2nd, 3-6 (Groundball, 34S, EV 87.5 MPH)
Batting: LHB Ethan DeBoer 0-0: Ball
1-0: Swinging Strike
1-1: Ball
2-1: Ground out 4-3 (Groundball, 4S, EV 66.9 MPH)
Bottom of the 6th over - 0 runs, 1 hit, 0 errors, 1 left on base; New Orleans 0 - Wilmington 7
TOP OF THE 7TH
New Orleans Voodoo batting - Pitching for Wilmington Wildcats : RHP Jayden Keels
Pitching: RHP Jovan Burrow
Batting: LHB Daryl Walken 0-0: Ball
1-0: Swinging Strike
1-1: Ball
2-1: Foul Ball, location: 2F
2-2: Strikes out swinging
Batting: LHB Jarquez Kafele 0-0: Fly out, F7 (Flyball, 7, EV 96.9 MPH)
Batting: SHB Rob French 0-0: Called Strike
0-1: Foul Ball, location: 2F
0-2: Ball
1-2: Ball
2-2: Strikes out looking
Top of the 7th over - 0 runs, 0 hits, 0 errors, 0 left on base; New Orleans 0 - Wilmington 7
BOTTOM OF THE 7TH
Wilmington Wildcats batting - Pitching for New Orleans Voodoo : RHP Kevin Blackmon
Pitching: RHP Calvin Navratil
Batting: RHB Thomas Anderson 0-0: Ball
1-0: Foul Ball, location: 2F
1-1: Called Strike
1-2: Foul Ball, location: 2F
1-2: Foul Ball, location: 2F
1-2: Strikes out looking
Batting: RHB Julian Crews 0-0: Ball
1-0: Ball
2-0: Ball
3-0: Swinging Strike
3-1: Swinging Strike
3-2: Strikes out swinging
Batting: LHB Mort Simbolon 0-0: Called Strike
0-1: Foul Ball, location: 2F
0-2: DOUBLE (Flyball, 78D, EV 93.8 MPH)
Batting: LHB Ozzie Huang 0-0: Ball
1-0: Ball
2-0: Ball
3-0: Fly out, F8 (Line Drive, 8LS, EV 89.4 MPH)
Bottom of the 7th over - 0 runs, 1 hit, 0 errors, 1 left on base; New Orleans 0 - Wilmington 7
TOP OF THE 8TH
New Orleans Voodoo batting - Pitching for Wilmington Wildcats : RHP Jovan Burrow
Pitching: RHP Riley Boland
Batting: RHB D'Angelo James 0-0: Ball
1-0: Ball
2-0: Fly out, F8 (Flyball, 8RD, EV 100.6 MPH)
Batting: RHB Lon Leseberg 0-0: Ground out 5-3 (Groundball, 56, EV 111.2 MPH)
Pinch Hitting: LHB Isaac Allen 0-0: Ball
1-0: Foul Ball, location: 2F
1-1: Ball
2-1: Fly out, F6 (Flyball, 6MD, EV 91.2 MPH)
Top of the 8th over - 0 runs, 0 hits, 0 errors, 0 left on base; New Orleans 0 - Wilmington 7
BOTTOM OF THE 8TH
Wilmington Wildcats batting - Pitching for New Orleans Voodoo : RHP Calvin Navratil
Pitching: LHP Clinton Yates
Now in RF: Isaac Allen
Batting: LHB Sean Gallina 0-0: Ball
1-0: Ball
2-0: Called Strike
2-1: Foul Ball, location: 2F
2-2: Foul Ball, location: 2F
2-2: Ball
3-2: Foul Ball, location: 2F
3-2: Base on Balls
Batting: RHB Alden Lane 0-0: Swinging Strike
0-1: Called Strike
0-2: Strikes out swinging
Batting: RHB Evan Yanko 0-0: Ball
1-0: Called Strike
1-1: Swinging Strike
1-2: Strikes out swinging
Batting: LHB Dorsey Cahue 0-0: Ball
1-0: Ball
2-0: Ball
3-0: Foul Ball, location: 2F
3-1: Base on Balls
Sean Gallina to second
Batting: LHB Ethan DeBoer 0-0: Ball
1-0: Foul Ball, location: 2F
1-1: Foul Ball, location: 2F
1-2: Foul Ball, location: 2F
1-2: Ball
2-2: Strikes out swinging
Bottom of the 8th over - 0 runs, 0 hits, 0 errors, 2 left on base; New Orleans 0 - Wilmington 7
TOP OF THE 9TH
New Orleans Voodoo batting - Pitching for Wilmington Wildcats : RHP Riley Boland
Pitching: RHP Abel Harreld
Batting: LHB Jordy Wovchanoff 0-0: Fly out, F5 (Popup, 25F, EV 83.1 MPH)
Pinch Hitting: LHB Tuck Vrsek 0-0: DOUBLE (Flyball, 78XD, EV 99.4 MPH)
Batting: RHB Khaleen Romero 0-0: Ball
1-0: Foul Ball, location: 2F
1-1: Foul Ball, location: 2F
1-2: Foul Ball, location: 2F
1-2: Strikes out swinging
Batting: LHB Daryl Walken 0-0: Ball
1-0: Foul Ball, location: 2F
1-1: Swinging Strike
1-2: Ball
2-2: Strikes out swinging, 2-3 out at first.
Top of the 9th over - 0 runs, 1 hit, 0 errors, 1 left on base; New Orleans 0 - Wilmington 7
Tuesday, April 16th , 2024 - OOTP Baseball 23.10 Build 110